 Dungeon Crawl Stone Soup version 0.17-a0-2122-g03d97ec (webtiles) character file.

1173 4thArraOfDagon the Cleaver (level 8, 3/63 HPs)
             Began as a Minotaur Berserker on Oct 21, 2015.
             Was a Believer of Trog.
             Quit the game on level 14 of the Dungeon.
             The game lasted 00:06:12 (1092 turns).

4thArraOfDagon the Cleaver (Minotaur Berserker)     Turns: 1092, Time: 00:06:12

Health: 3/63       AC: 10    Str: 23    XL:     8   Next: 18%
Magic:  7/7        EV: 10    Int:  4    God:    Trog [**....]
Gold:   110        SH:  0    Dex: 11    Spells: 0 memorised, 7 levels left

rFire  + . .     SeeInvis .     a - +0 hand axe
rCold  + . .     Clarity  +     r - +0 scale mail
rNeg   . . .     SustAt   +     (no shield)
rPois  +         Gourm    .     (helmet restricted)
rElec  +         Spirit   .     (no cloak)
rCorr  +         Warding  .     g - +1 pair of gloves
rMut   .         Stasis   .     (no boots)
MR     ++...                    (no amulet)
Stlth  ..........               (no ring)
                                q - ring of sustain attributes

@: mildly poisoned (3 -> 3), resistant, very slightly contaminated,
regenerating, hasted, very quick, very resistant to hostile enchantments,
extremely unstealthy
A: retaliatory headbutt, horns 2, molten scales 1, clarity, frail 1, high mp 1
a: Berserk, Trog's Hand, Burn Spellbooks, Renounce Religion


You were on level 14 of the Dungeon.
You worshipped Trog.
Trog was pleased with you.
You were not hungry.

You visited 1 branch of the dungeon, and saw 11 of its levels.

You collected 110 gold pieces.

Inventory:

Hand Weapons
 a - a +0 hand axe (weapon)
 m - a -3 battleaxe
Missiles
 h - 3 throwing nets (quivered)
Armour
 g - a +1 pair of gloves (worn)
 r - a +0 scale mail (worn)
Jewellery
 q - a ring of sustain attributes (left hand)
Wands
 b - a wand of random effects (30)
 p - a wand of flame (27)
Scrolls
 d - 2 scrolls of remove curse
 e - a scroll of identify
Comestibles
 c - 2 bread rations
 f - 7 chunks of flesh
 i - 2 slices of pizza
 n - a beef jerky


   Skills:
 + Level 6.8 Fighting
 * Level 9.1 Axes
 + Level 6.2 Armour
 - Level 2.1 Dodging


You had 7 spell levels left.
You didn't know any spells.

Dungeon Overview and Level Annotations

Branches:
Dungeon (14/15)
 Temple: D:4-7         Lair: D:8-11         Orc: D:9-12      Vaults: D:13-14

Altars:
Ashenzari

Annotations:
D:2 1 exclusion
D:11 Erolcha


Innate Abilities, Weirdness & Mutations

You reflexively headbutt those who attack you in melee.
You have a pair of horns on your head.
You are partially covered in molten scales (AC +1).
You possess an exceptional clarity of mind.
You are frail (-10% HP).
You have an increased reservoir of magic (+10% MP).


Message History

Unknown command.
A centaur warrior comes into view.
The centaur warrior shouts!
The centaur warrior wields a shortbow.
The centaur warrior shoots an arrow.
The arrow hits you.
* * * LOW HITPOINT WARNING * * *
Found 26 gold pieces.
Found a stone staircase leading down.
You see here an arrow.
Unknown command.
You feel sick.
Unknown command.
Unknown command.
The yaktaur captain shouts!
Unknown command.
Unknown command.
Read which item? (? for menu, Esc to quit)
Okay, then.
Enter note: your sacrifice honors me Unknown command.
Are you sure you want to abandon this character and quit the game? (Confirm with "yes".)

.....## #.#... ...##.##
#....).#########
.#.##....##).$..#######
..?...................#
.......(.##...c.......#
$.c......##..#.#.#.J..#
>........@...(..c(..c.#
...####.###..#.###....#
.. ### #....# ....c# .
#..#.#c....##
#.........##
#.........# #.........#
#........c#


You could see a yaktaur captain, a centaur warrior and a yaktaur.

Vanquished Creatures
  A deep elf mage (D:10)
  2 wyverns
  A hippogriff (D:10)
  A hungry ghost (D:10)
  An ogre (D:10)
  A centaur (D:11)
  Blork the orc (D:5)
  A giant frog (D:11)
  A gnoll shaman (D:10)
  A hound (D:6)
  A jelly (D:11)
  A worker ant (D:5)
  A hound skeleton (D:5)
  3 gnolls (D:10)
  An adder (D:2)
  A shadow imp (D:10)
  An adder skeleton (D:4)
  A giant gecko (D:10)
  An orc (D:3)
  2 goblins
  2 hobgoblins
  5 jackals
  A giant cockroach (D:3)
  A kobold (D:2)
  2 rats (D:3)
35 creatures vanquished.

Vanquished Creatures (others)
  A gnoll (D:10)
1 creature vanquished.

Grand Total: 36 creatures vanquished

Notes
Turn   | Place    | Note
--------------------------------------------------------------
     0 | D:1      | 4thArraOfDagon the Minotaur Berserker began the quest for the Orb.
     0 | D:1      | Reached XP level 1. HP: 19/19 MP: 0/0
   116 | D:1      | lab
   180 | D:2      | Reached skill level 4 in Axes
   180 | D:2      | Reached XP level 2. HP: 20/27 MP: 1/1
   191 | D:2      | Gained mutation: You are partially covered in molten scales (AC +1). [potion of mutation]
   191 | D:2      | Gained mutation: You are frail (-10% HP). [potion of mutation]
   191 | D:2      | Gained mutation: You possess an exceptional clarity of mind. [potion of mutation]
   192 | D:2      | :(
   205 | D:2      | Gained mutation: You are covered in fur (AC +1). [potion of mutation]
   205 | D:2      | Lost mutation: You are covered in fur (AC +1). [potion of mutation]
   205 | D:2      | Gained mutation: You have an increased reservoir of magic (+10% MP). [potion of mutation]
   206 | D:2      | :(
   279 | D:3      | Found a shattered altar of Ashenzari.
   331 | D:5      | Entered Level 5 of the Dungeon
   333 | D:5      | Noticed Blork the orc
   459 | D:5      | Reached XP level 3. HP: 29/29 MP: 2/2
   460 | D:5      | Killed Blork the orc
   460 | D:5      | Reached skill level 5 in Axes
   460 | D:5      | Reached XP level 4. HP: 36/36 MP: 3/3
   483 | D:5      | :)
   549 | D:6      | Reached XP level 5. HP: 25/42 MP: 4/4
   552 | D:6      | You fall through a shaft for 3 floors!
   601 | D:10     | Entered Level 10 of the Dungeon
   606 | D:10     | Noticed a hungry ghost
   616 | D:10     | Killed a hungry ghost
   616 | D:10     | Reached skill level 5 in Fighting
   616 | D:10     | Reached skill level 6 in Axes
   616 | D:10     | Reached XP level 6. HP: 33/50 MP: 5/5
   703 | D:10     | Noticed a deep elf mage
   720 | D:10     | Killed a deep elf mage
   720 | D:10     | Reached skill level 7 in Axes
   807 | D:12     | Noticed a wyvern
   815 | D:12     | Killed a wyvern
   815 | D:12     | Reached skill level 5 in Armour
   815 | D:12     | Reached XP level 7. HP: 55/55 MP: 6/6
   844 | D:11     | Noticed a wyvern
   849 | D:11     | Killed a wyvern
   849 | D:11     | Reached ** piety under Trog
   849 | D:11     | Reached skill level 8 in Axes
   899 | D:10     | Noticed a hippogriff
   904 | D:10     | Killed a hippogriff
   959 | D:12     | Noticed a four-headed hydra
   992 | D:11     | Reached XP level 8. HP: 44/63 MP: 7/7
  1014 | D:11     | Reached skill level 9 in Axes
  1063 | D:11     | Noticed Erolcha
  1072 | D:11     | You fall through a shaft for 3 floors!
  1072 | D:14     | Noticed a yaktaur
  1072 | D:14     | Noticed a yaktaur
  1072 | D:14     | Noticed a yaktaur captain
  1089 | D:14     | Noticed a centaur warrior
  1089 | D:14     | HP: 3/63 [centaur warrior/arrow (4)]
  1092 | D:14     | your sacrifice honors me
  1092 | D:14     | Quit the game

Vault maps used:
D:1:      moated_graveyard_arrival, kennysheep_nondescript
D:2:      uniq_natasha, uniq_robin
D:3:      evilmike_ruin_ashenzari, uniq_crazy_yiuf_cottage, uniq_terence
D:4:      old_standard_altar, minmay_temple_entry_from_below_a, first_bread,
          grunt_ministairs_6, minmay_cut_off
D:5:      overflow_temple_1_default, uniq_blork_the_orc
D:6:      uniq_eustachio, uniq_grinder
D:9:      david_lair_generic
D:11:     statuecave_lemuel, lightli_corner_chamber, uniq_erolcha
D:12:     hangedman_pestilent_swarm, minivault_1, st_stairs_14
D:14:     david_vaults_2, infiniplex_staircase_spiral_double

Action                   |  1- 3 |  4- 6 |  7- 9 || total
-------------------------+-------+-------+-------++-------
Melee: Hand axe          |    23 |    16 |    28 ||    67
       Battleaxe         |       |     5 |       ||     5
Invok: Berserk           |     2 |     3 |     3 ||     8
       Trog's Hand       |       |       |     1 ||     1
  Use: Potion            |     3 |     1 |     3 ||     7
       Scroll            |       |     6 |     2 ||     8
 Stab: Invisible         |       |     1 |       ||     1
  Eat: Chunk             |       |     5 |     6 ||    11
